 Dungeon Crawl Stone Soup version 0.23-a0-629-gae4348f (webtiles) character file.

69959 cdice the Fighter (level 14, -5/120 HPs)
             Began as a Demonspawn Fighter on Dec 26, 2018.
             Was a High Priest of Qazlal.
             Killed by divine providence
             ... invoked by an orc priest
             ... led by an orc warlord
              (9 damage)
             ... on level 2 of the Orcish Mines.
             The game lasted 01:00:59 (14890 turns).

cdice the Fighter (Demonspawn Fighter)             Turns: 14890, Time: 01:01:00

Health: -5/120     AC: 48    Str: 20    XL:     14   Next: 92%
Magic:  19/19      EV: 10    Int:  9    God:    Qazlal [*****.]
Gold:   1281       SH:  6    Dex: 27    Spells: 13/13 levels left

rFire    . . .     SeeInvis +   N - +8 frozen axe "Frostbite" {freezing cloud, *Noise +Fly rC+}
rCold    + + .     Gourm    .   (shield currently unavailable)
rNeg     . . .     Faith    .   b - +15 Maxwell's patent armour {-Cast -Tele rElec MR+ rCorr}
rPois    .         Spirit   .   (helmet restricted)
rElec    +         Reflect  .   z - +2 cloak {rC+}
rCorr    +         Harm     .   (no gloves)
MR       ++++.     NoTele   +   (no boots) Stlth ..........NoCast +
                                n - amulet "Moosemon" {Acrobat Dex+5 SInv}
HPRegen  0.30/turn              W - ring of Soismose {*Contam rElec MR+ Dex+7 Stlth+}
MPRegen  0.16/turn              p - ring of Contentment {rElec MR+ Slay+2 Stlth-}

@: protected from physical damage, sanguine armour, repel missiles
A: horns 2, talons 1, low mp 1, nightstalker 2, spiny 1, sanguine armour 3
a: Upheaval, Elemental Force, Disaster Area, Renounce Religion, Evoke Flight


You were on level 2 of the Orcish Mines.
You worshipped Qazlal.
Qazlal was extremely pleased with you.
You were not hungry.

You visited 3 branches of the dungeon, and saw 18 of its levels.
You visited the Abyss 1 time.
You also visited: Ice Cave.

You collected 1849 gold pieces.
You spent 568 gold pieces at shops.

Inventory:

Hand Weapons
 a - a +1 short sword of distortion
 d - a +9 dire flail of protection
 e - a +3 scimitar of flaming
 t - a +2 battleaxe of freezing
 A - a +2 glaive of chopping
 B - a +0 halberd of freezing
 N - the +8 frozen axe "Frostbite" (weapon) {freezing cloud, *Noise +Fly rC+}
   (You took it off a frost giant on level 13 of the Dungeon)

   It has been specially enchanted to freeze those struck by it, causing extra
   injury to most foes and up to half again as much damage against particularly
   susceptible opponents.
   It can also slow down cold-blooded creatures.
   It protects you from cold.
   It lets you fly.
   It may make noises in combat.
Missiles
 C - 23 tomahawks (quivered)
Armour
 b - the +15 Maxwell's patent armour (worn) {-Cast -Tele rElec MR+ rCorr}
   (You found it on level 13 of the Dungeon)

   It insulates you from electricity.
   It affects your resistance to hostile enchantments.
   It prevents spellcasting.
   It prevents most forms of teleportation.
   It provides partial protection from all sources of acid and corrosion.
 u - a +2 shield of cold resistance
 z - a +2 cloak of cold resistance (worn)
 E - a +6 scale mail of magic resistance
Jewellery
 g - an uncursed ring of ice
 n - the amulet "Moosemon" (around neck) {Acrobat Dex+5 SInv}
   (You bought it in a shop on level 5 of the Dungeon)

   [amulet of the acrobat]

   It helps you evade while moving and waiting.
   It affects your dexterity (+5).
   It lets you see invisible.
 p - the ring of Contentment (right hand) {rElec MR+ Slay+2 Stlth-}
   (You took it off a skeletal warrior on level 12 of the Dungeon)

   [ring of attention]

   It affects your accuracy and damage with ranged weapons and melee attacks
   (+2).
   It insulates you from electricity.
   It affects your resistance to hostile enchantments.
   It makes you less stealthy.
 s - a +3 ring of strength {unknown}
 D - the ring of Phasing {EV+8}
   (You found it on level 5 of the Dungeon)

   [ring of evasion]

   It affects your evasion (+8).
 M - an uncursed amulet of regeneration
 R - the ring "Nevejypra" {*Slow rN+++ Int+4 SInv}
   (You took it off a deep elf mage on level 12 of the Dungeon)

   [ring of see invisible]

   It affects your intelligence (+4).
   It renders you almost immune to negative energy.
   It lets you see invisible.
   It may slow you when you take damage.
 W - the ring of Soismose (left hand) {*Contam rElec MR+ Dex+7 Stlth+}
   (You took it off a deep elf mage on level 12 of the Dungeon)

   [ring of protection from magic]

   It affects your dexterity (+7).
   It insulates you from electricity.
   It affects your resistance to hostile enchantments.
   It causes magical contamination when unequipped.
   It makes you more stealthy.
 X - the ring of Ohokirch {MP+9 Stlth+, unknown}
   (You found it on level 12 of the Dungeon)

   [ring of magical power]

   It affects your magic capacity (+9).
   It makes you more stealthy.
Wands
 j - a wand of clouds (6)
 x - a wand of flame (18)
 J - a wand of digging (4)
 P - a wand of paralysis (9)
 V - a wand of iceblast (13)
Scrolls
 k - 4 scrolls of enchant weapon
 l - 8 scrolls of teleportation
 m - 4 scrolls of blinking
 o - 2 scrolls of immolation
 q - 6 scrolls of remove curse
 r - a scroll of amnesia
 v - 3 scrolls of fog
 w - 2 scrolls of magic mapping
 H - 4 scrolls of identify
Potions
 h - 9 potions of flight
 i - 2 potions of brilliance
Comestibles
 f - 24 rations


   Skills:
 + Level 14.1 Fighting
 + Level 0.9(4.2) Short Blades
 * Level 6.7 Long Blades
 - Level 2.0(7.9) Axes
 + Level 11.8(11.9) Maces & Flails
 + Level 10.4 Armour
 + Level 4.6 Dodging
 + Level 9.2 Shields
 + Level 10.7 Invocations


You had 13 spell levels left.
You didn't know any spells.
Your spell library contained the following spells:

 Spells                   Type           Power        Failure   Level  Hunger
 Animate Skeleton         Necr           N/A          100%        1    ##.....
 Apportation              Tloc           #.....       100%        1    ##.....
 Confusing Touch          Hex            #.....       100%        1    ##.....
 Corona                   Hex            #......      100%        1    ##.....
 Freeze                   Ice            #...         100%        1    ##.....
 Magic Dart               Conj           #...         100%        1    ##.....
 Pain                     Necr           #...         100%        1    ##.....
 Sandblast                Erth           #.....       100%        1    ##.....
 Sting                    Conj/Pois      #...         100%        1    ##.....
 Summon Small Mammal      Summ           #...         100%        1    ##.....
 Blink                    Tloc           N/A          100%        2    ###....
 Call Imp                 Summ           #.......     100%        2    ###....
 Ensorcelled Hibernation  Hex/Ice        #.....       100%        2    ###....
 Passwall                 Tmut/Erth      #.......     100%        2    ###....
 Poisonous Vapours        Pois/Air       #.....       100%        2    ###....
 Shroud of Golubria       Chrm/Tloc      #.........   100%        2    ###....
 Slow                     Hex            #.......     100%        2    ###....
 Throw Frost              Conj/Ice       #.....       100%        2    ###....
 Confuse                  Hex            #.......     100%        3    ####...
 Conjure Flame            Conj/Fire      #.......     100%        3    ####...
 Dazzling Spray           Conj/Hex       #.....       100%        3    ####...
 Gell's Gravitas          Tloc           #.........   100%        3    ####...
 Lesser Beckoning         Tloc           #.........   100%        3    ####...
 Mephitic Cloud           Conj/Pois/Air  #.......     100%        3    ####...
 Ozocubu's Armour         Chrm/Ice       #.......     100%        3    ####...
 Regeneration             Chrm/Necr      #.........   100%        3    ####...
 Stone Arrow              Conj/Erth      #.....       100%        3    ####...
 Teleport Other           Tloc           #.......     100%        3    ####...
 Tukima's Dance           Hex            #.......     100%        3    ####...
 Vampiric Draining        Necr           #.........   100%        3    ####...
 Animate Dead             Necr           N/A          100%        4    #####..
 Olgreb's Toxic Radiance  Pois           #.......     100%        4    #####..
 Passage of Golubria      Tloc           N/A          100%        4    #####..
 Petrify                  Tmut/Erth      #.......     100%        4    #####..
 Summon Ice Beast         Ice/Summ       #.......     100%        4    #####..
 Throw Icicle             Conj/Ice       #.......     100%        4    #####..
 Lee's Rapid Deconstruct  Erth           #.........   100%        5    ######.
 Metabolic Englaciation   Hex/Ice        #.........   100%        5    ######.
 Venom Bolt               Conj/Pois      #.........   100%        5    ######.
 Yara's Violent Unravell  Hex/Tmut       #.........   100%        5    ######.


Dungeon Overview and Level Annotations

Branches:
Dungeon (15/15)            Temple (1/1) D:5            Lair (0/6) D:8
    Orc (2/2) D:11            Elf (0/3) Orc:2        Vaults (0/5) D:13
 Depths: D:15

Altars:
Ashenzari
Cheibriados
Dithmenos
Elyvilon
Fedhas
Gozag
Hepliaklqana
Kikubaaqudgha
Makhleb
Nemelex Xobeh
Okawaru
Qazlal
Ru
Sif Muna
Trog
Uskayaw
Vehumet
Wu Jian
Xom
Yredelemnul
Zin
The Shining One
Beogh

Shops:
D:5 =   D:7 }   D:11 [(

Annotations:
D:7 2 runed doors, RichardCranium's ghost, novice MfWn


Innate Abilities, Weirdness & Mutations

You have a pair of horns on your head.
You are significantly more attuned to the shadows.
You are partially covered in sharp spines.
When seriously injured, your bleeding wounds create very thick armour. (AC +12)
You have sharp toenails.
Your magical capacity is low. (-10% MP)


Message History

You slash the troll! You freeze the troll.
The orc priest is struck by lightning.
The orc priest mumbles some strange prayers to Beogh against you.
Beogh smites you!
* * * LOW HITPOINT WARNING * * *
The orc priest calls down the wrath of Beogh upon you.
Beogh smites you!
* * * LOW HITPOINT WARNING * * *
The orc warrior hits you but does no damage.
The orc warrior barely misses you.
The orc warlord is struck by your spines.
The orc warlord hits you but does no damage.
The troll is struck by your spines. The troll bites you but does no damage.
The troll claws you!
* * * LOW HITPOINT WARNING * * *
You feel protected from physical attacks.
The troll claws you but does no damage.
The orc priest calls down the wrath of Beogh upon you.
Beogh smites you!
You die...

, , * #.*....## * * *
#.#*....### , * , ,
#.###...#.. , ,,*, ,,
#.##....... # ,,,
,#.#........ , .., ,
##.......... * ,.oo
##.....##..## *
#ooo######.......#####
.ooho@§)).†......# # ,
.oooT§§§§)......#.#* ,
...ooO§§...........*
...o..............
..............$.#* ,
...............#* * *
, , ,, , , , ,,


You could see an orc warlord, a troll, a warg, 2 orc warriors, an ogre, 5 orc
priests, 3 orc wizards and 3 orcs.

Vanquished Creatures
  A tengu reaver (D:12)
  2 frost giants
  Fannar (Orc:1)
  6 vault guards (D:13)
  2 hydras
  7 centaur warriors
  2 death knights
  3 two-headed ogres
  2 orc high priests
  A tengu warrior (D:14)
  Sonja (D:12)
  6 skeletal warriors
  An unseen horror (D:12)
  An orc knight (Orc:2)
  A lindwurm (shapeshifter) (D:15)
  2 orc sorcerers (Orc:1)
  21 ugly things
  2 deep elf magi (D:12)
  3 manticores
  5 cyclopes
  2 centaur zombies
  An ice statue (IceCv)
  Maurice (Orc:1)
  4 gargoyles
  2 rime drakes (D:13)
  2 yaktaurs (D:15)
  A kobold demonologist (D:14)
  2 efreet (D:13)
  3 freezing wraiths
  7 trolls
  14 polar bears (IceCv)
  2 hornets
  A hippogriff (D:13)
  A centaur simulacrum (D:15)
  4 slime creatures (D:15)
  A shadow (D:11)
  Sigmund (D:5)
  34 yaks
  A wyvern (D:12)
  3 wraiths
  6 humans (D:13)
  A steam dragon (D:13)
  Eustachio (D:4)
  A basilisk (D:12)
  4 vampire mosquitoes (D:15)
  Edmund (D:4)
  4 wargs (Orc:2)
  An acid dragon (D:13)
  A water moccasin (D:12)
  Duvessa (D:5)
  A soldier ant (D:11)
  24 orc warriors
  4 sky beasts
  14 ice beasts
  2 phantoms
  2 eyes of draining
  12 ogres
  10 wolves (IceCv)
  13 centaurs
  3 crocodiles
  9 big kobolds
  5 bullfrogs
  A wyvern zombie (D:13)
  Dowan (D:5)
  A wyvern skeleton (D:12)
  4 scorpions
  3 wights (D:11)
  2 howler monkeys (D:11)
  7 crimson imps
  2 bullfrog zombies
  A quasit (D:9)
  7 hounds
  3 jellies
  20 orc wizards
  A gnoll shaman (D:5)
  5 centaur skeletons
  22 orc priests
  3 bullfrog skeletons
  4 iguanas
  12 worker ants
  A killer bee zombie (D:6)
  2 hound zombies
  A worker ant zombie (D:6)
  3 gnolls (D:5)
  2 howler monkey skeletons
  13 adders
  7 shadow imps
  An ooze (D:5)
  2 adder zombies (D:5)
  3 worms
  2 dart slugs
  3 leopard geckos
  72 orcs
  7 bats
  5 giant cockroaches
  15 goblins
  6 hobgoblins
  3 jackals (D:7)
  4 quokkas
  5 frilled lizards
  2 jackal skeletons
  23 kobolds
  A leopard gecko skeleton (D:8)
  A quokka skeleton (D:6)
  5 rats
565 creatures vanquished.

Vanquished Creatures (collateral kills)
  An ugly thing (D:15)
  A yaktaur (D:15)
2 creatures vanquished.

Vanquished Creatures (others)
  A shadow (D:12)
  A howler monkey (D:11)
  A fungus (D:8)
3 creatures vanquished.

Grand Total: 570 creatures vanquished

Notes
Turn   | Place    | Note
-------+----------+-------------------------------------------
     0 | D:1      | cdice the Demonspawn Fighter began the quest for the Orb.
     0 | D:1      | Reached XP level 1. HP: 18/18 MP: 1/1
   535 | D:1      | Gained mutation: When seriously injured, your bleeding
                  | wounds create armour. (AC +12) [demonic ancestry]
   535 | D:1      | Reached XP level 2. HP: 15/24 MP: 2/2
   976 | D:2      | Gained mutation: You are slightly more attuned to the
                  | shadows. [demonic ancestry]
   976 | D:2      | Reached XP level 3. HP: 22/29 MP: 3/3
  1563 | D:3      | Reached XP level 4. HP: 35/35 MP: 4/4
  1626 | D:3      | Reached skill level 1 in Maces & Flails
  1627 | D:3      | Reached XP level 5. HP: 12/42 MP: 5/5
  1898 | D:3      | Found a shattered altar of Ashenzari.
  2004 | D:3      | Noticed an ogre
  2017 | D:3      | Killed an ogre
  2018 | D:3      | Gained mutation: When seriously injured, your bleeding
                  | wounds create thick armour. (AC +12) [demonic ancestry]
  2018 | D:3      | Reached XP level 6. HP: 44/48 MP: 6/6
  2108 | D:3      | Found an ornate altar of the Wu Jian Council.
  2327 | D:4      | Reached skill level 4 in Fighting
  2329 | D:4      | Reached skill level 1 in Dodging
  2351 | D:4      | Noticed Edmund
  2363 | D:4      | Killed Edmund
  2618 | D:4      | Gained mutation: You are partially covered in sharp spines.
                  | [demonic ancestry]
  2618 | D:4      | Reached XP level 7. HP: 53/54 MP: 7/7
  2805 | D:4      | Noticed Eustachio
  2812 | D:4      | Killed Eustachio
  3187 | D:4      | Reached skill level 5 in Maces & Flails
  3397 | D:5      | Entered Level 5 of the Dungeon
  3403 | D:5      | Found a staircase to the Ecumenical Temple.
  3457 | D:5      | Found Toenar's Jewellery Boutique.
  3542 | Temple   | Entered the Ecumenical Temple
  3787 | Temple   | Became a worshipper of Qazlal Stormbringer
  3863 | D:5      | Gained mutation: When seriously injured, your bleeding
                  | wounds create very thick armour. (AC +12) [demonic
                  | ancestry]
  3863 | D:5      | Reached XP level 8. HP: 59/61 MP: 8/8
  3909 | D:5      | Noticed Dowan
  3911 | D:5      | Noticed Duvessa
  3923 | D:5      | Killed Duvessa
  3926 | D:5      | Killed Dowan
  4182 | D:5      | Noticed Sigmund
  4197 | D:5      | Killed Sigmund
  4197 | D:5      | Reached skill level 5 in Fighting
  4526 | D:5      | Found the ring of Phasing {EV+8}
  4734 | D:6      | Reached skill level 5 in Armour
  4819 | D:6      | Found a deep blue altar of Sif Muna.
  4823 | D:6      | Found a faded altar of an unknown god.
  4825 | D:6      | Found a hide-covered altar of Uskayaw.
  4826 | D:6      | Found a shimmering altar of Xom.
  4829 | D:6      | Found a faded altar of an unknown god.
  5051 | D:6      | Reached * piety under Qazlal
  5584 | D:7      | Reached XP level 9. HP: 53/68 MP: 9/9
  5670 | D:7      | Reached ** piety under Qazlal
  5749 | D:7      | Found Sunedgh's Gadget Emporium.
  5786 | D:7      | Found a runed door.
  5862 | D:7      | Reached skill level 6 in Fighting
  5930 | D:7      | Found a runed door.
  5930 | D:7      | Noticed RichardCranium's ghost (novice MfWn)
  6532 | D:8      | Found a sparkling altar of Nemelex Xobeh.
  6534 | D:8      | Found a staircase to the Lair.
  6551 | D:8      | Reached skill level 7 in Fighting
  6774 | D:9      | Reached *** piety under Qazlal
  6812 | D:9      | Found a snail-covered altar of Cheibriados.
  6963 | D:9      | Found an iron altar of Okawaru.
  7043 | D:9      | Gained mutation: You have a pair of small horns on your
                  | head. [demonic ancestry]
  7043 | D:9      | Reached XP level 10. HP: 75/80 MP: 10/10
  7226 | D:9      | Reached skill level 8 in Fighting
  7226 | D:9      | Reached skill level 5 in Shields
  7500 | D:10     | Entered Level 10 of the Dungeon
  7535 | D:10     | Reached skill level 9 in Fighting
  7965 | D:11     | Noticed a two-headed ogre
  8010 | D:11     | Found Atoetao's Weapon Emporium.
  8015 | D:11     | Found a staircase to the Orcish Mines.
  8018 | D:11     | Reached skill level 10 in Fighting
  8035 | D:11     | Found Oqaupt's Armour Emporium.
  8042 | D:11     | Reached **** piety under Qazlal
  8060 | D:11     | Noticed a death knight
  8215 | D:11     | Killed a two-headed ogre
  8215 | D:11     | Gained mutation: You are significantly more attuned to the
                  | shadows. [demonic ancestry]
  8215 | D:11     | Reached XP level 11. HP: 82/92 MP: 11/11
  8220 | D:11     | Noticed a purple ugly thing
  8228 | D:11     | Killed a purple ugly thing
  8228 | D:11     | Reached skill level 11 in Fighting
  8245 | D:11     | Noticed a seven-headed hydra
  8256 | D:11     | Killed a seven-headed hydra
  8290 | D:11     | Killed a death knight
  8290 | D:11     | Reached skill level 1 in Invocations
  8560 | D:11     | Gained mutation: You have an increased reservoir of magic.
                  | (+10% MP) [potion of mutation]
  8560 | D:11     | Gained mutation: You are clumsy. (Dex -2) [potion of
                  | mutation]
  8560 | D:11     | Gained mutation: You are somewhat resistant to further
                  | mutation. [potion of mutation]
  9018 | D:12     | Noticed a green ugly thing
  9032 | D:12     | Killed a green ugly thing
  9060 | D:12     | Noticed Sonja
  9108 | D:12     | Reached ***** piety under Qazlal
  9118 | D:12     | Found a frozen archway.
  9143 | IceCv    | Entered an ice cave
  9171 | IceCv    | Reached XP level 12. HP: 72/102 MP: 15/17
  9188 | IceCv    | Reached skill level 12 in Fighting
  9221 | IceCv    | Reached skill level 5 in Invocations
  9446 | IceCv    | Reached skill level 10 in Maces & Flails
  9479 | IceCv    | Noticed a frost giant
  9494 | IceCv    | Killed a frost giant
  9926 | D:5      | Bought the amulet "Moosemon" {Acrobat Dex+5 SInv} for 568
                  | gold pieces
 10537 | D:12     | Cast into level 2 of the Abyss (Sonja)
 10549 | Abyss:2  | Found a corrupted altar of Lugonu.
 10553 | D:12     | Escaped the Abyss
 10555 | D:12     | Killed Sonja
 10830 | D:12     | Noticed a tengu reaver
 10831 | D:12     | Found a runed door.
 10832 | D:12     | Found a runed door.
 10832 | D:12     | Noticed a centaur warrior
 10833 | D:12     | Noticed a centaur warrior
 10992 | D:12     | Found a runed door.
 11012 | D:12     | Killed a tengu reaver
 11018 | D:12     | Killed a centaur warrior
 11033 | D:12     | Killed a centaur warrior
 11204 | D:12     | Identified the ring "Nevejypra" {*Slow rN+++ Int+4 SInv}
 11239 | D:12     | Gained mutation: You have a pair of horns on your head.
                  | [demonic ancestry]
 11239 | D:12     | Reached XP level 13. HP: 109/109 MP: 20/20
 11291 | D:12     | Identified the ring of Contentment {rElec MR+ Slay+2
                  | Stlth-}
 11331 | D:12     | Identified the ring of Soismose {*Contam rElec MR+ Dex+7
                  | Stlth+}
 11351 | D:12     | Got a steaming silver ring
 11716 | D:13     | Reached skill level 1 in Long Blades
 11726 | D:13     | Noticed a frost giant
 11733 | D:13     | Killed a frost giant
 12200 | D:13     | Found a gate to the Vaults.
 12201 | D:13     | Found the +15 Maxwell's patent armour {-Cast -Tele rElec
                  | MR+ rCorr}
 12811 | D:14     | Reached XP level 14. HP: 77/116 MP: 23/23
 12815 | D:14     | Reached skill level 13 in Fighting
 12829 | D:14     | Reached skill level 5 in Long Blades
 12866 | D:13     | Lost mutation: You have an increased reservoir of magic.
                  | (+10% MP) [potion of mutation]
 12866 | D:13     | Lost mutation: You are clumsy. (Dex -2) [potion of
                  | mutation]
 12866 | D:13     | Gained mutation: You possess an exceptional clarity of
                  | mind. [potion of mutation]
 12866 | D:13     | Gained mutation: Your system is resistant to poisons.
                  | (rPois) [potion of mutation]
 12866 | D:13     | Gained mutation: You passively map a small area around you.
                  | [potion of mutation]
 13463 | D:15     | Entered Level 15 of the Dungeon
 13640 | D:15     | Reached skill level 10 in Armour
 13657 | D:15     | Reached skill level 10 in Invocations
 14078 | Orc:1    | Entered Level 1 of the Orcish Mines
 14098 | Orc:1    | Noticed Maurice
 14104 | Orc:1    | Killed Maurice
 14123 | Orc:1    | Noticed Fannar
 14124 | Orc:1    | Found a roughly hewn altar of Beogh.
 14131 | Orc:1    | Killed Fannar
 14131 | Orc:1    | Reached skill level 14 in Fighting
 14253 | Orc:1    | Found a roughly hewn altar of Beogh.
 14645 | Orc:2    | Entered Level 2 of the Orcish Mines
 14821 | Orc:2    | Found a staircase to the Elven Halls.
 14883 | Orc:2    | Noticed an orc warlord
 14888 | Orc:2    | Lost mutation: You possess an exceptional clarity of mind.
                  | [potion of mutation]
 14888 | Orc:2    | Lost mutation: You passively map a small area around you.
                  | [potion of mutation]
 14888 | Orc:2    | Lost mutation: You are somewhat resistant to further
                  | mutation. [potion of mutation]
 14888 | Orc:2    | Lost mutation: Your system is resistant to poisons. (rPois)
                  | [potion of mutation]
 14888 | Orc:2    | Gained mutation: Your magical capacity is low. (-10% MP)
                  | [potion of mutation]
 14888 | Orc:2    | Gained mutation: You have sharp toenails. [potion of
                  | mutation]
 14890 | Orc:2    | HP: 4/120 [troll[an orc warlord] (10)]
 14890 | Orc:2    | Killed from afar by an orc priest

Vault maps used:
D:1:      giann_bridges, serial_glass, glass_columns_b, glass_columns_b,
          due_unseen_surprise, item_on_display_a, feat_on_display
D:2:      first_ration, chequers_serial_rivers_micro_b
D:3:      ashenzari_altar_1, nicolae_overflow_hidden_temple, st_stairs_1,
          minmay_ogre_servants
D:4:      uniq_eustachio, uniq_edmund
D:5:      minmay_temple_entry_gardened_gates, serial_shops, shop, uniq_duvessa,
          uniq_sigmund
D:6:      chequers_temple_overflow_minitemple, kennysheep_generic_room_5
D:7:      serial_shops, nicolae_shop_crystal, ebering_ghost_inner_flame,
          uniq_crazy_yiuf_cottage
D:8:      nemelex_xobeh_ov_fountains_minmay, dpeg_oklobed_lair
D:9:      okawaru_metal_pillars_1_2, lemuel_crystal_altar
D:11:     orc_david_3, grunt_ogre_cave
D:12:     minmay_the_grid_triangle_9x9_rhombus_full,
          portal_ice_cave_entry_ice_beasts, uniq_sonja
D:13:     minmay_coctagon, ximxim_vaults_locker_room
D:14:     minmay_misc_feat_chi
D:15:     gammafunk_enter_depths_forms, chequers_serial_rivers_marsh
Temple:   eino_temple_water
Orc:1:    serial_shops, nicolae_shop_temple_entry_statues_fountains,
          basic_altar, kennysheep_orc_chapel, uniq_maurice, uniq_fannar
Orc:2:    st_orc_mages, special_room
Abyss:2:  evilmike_abyss_exit_kraken
IceCv:    ice_cave_small_giant

Skill      XL: |  1  2  3  4  5  6  7  8  9 10 11 12 13 14 |
---------------+-------------------------------------------+-----
Axes           | 2 |  2.0
Shields        | 3 4 5 6 8 9 |  9.2
Armour         | 3 4 5 6 7 8 9 10 | 10.4
Maces & Flails | 1 2 3 5 7 8 9 11 | 11.8
Fighting       | 4 5 7 10 11 12 14 | 14.1
Dodging        | 1 2 4 |  4.6
Invocations    | 4 7 9 10 | 10.7
Long Blades    | 4 6 |  6.7
Short Blades   | |  0.9

Action                   |  1- 3 |  4- 6 |  7- 9 | 10-12 | 13-15 || total
-------------------------+-------+-------+-------+-------+-------++-------
Melee: Dagger            |    87 |       |       |       |       ||    87
       War axe           |     4 |       |       |       |       ||     4
       Flail             |    46 |   110 |    12 |       |       ||   168
       Dire flail        |       |       |   270 |   442 |    51 ||   763
       Headbutt          |       |       |       |    86 |    92 ||   178
       Scimitar          |       |       |       |       |    43 ||    43
       Executioner's axe |       |       |       |       |   200 ||   200
       Kick              |       |       |       |       |     1 ||     1
Invok: Disaster Area     |       |       |       |       |     6 ||     6
       Elemental Force   |       |       |       |       |     2 ||     2
  Use: Potion            |       |     1 |     1 |    16 |     9 ||    27
       Scroll            |       |       |     5 |     6 |     7 ||    18
 Stab: Sleeping          |       |       |     1 |       |       ||     1
  Eat: Chunk             |     2 |     2 |     9 |    11 |     2 ||    26
       Ration            |       |     1 |     1 |     1 |     3 ||     6
Armor: Scale mail        |    67 |    37 |    42 |       |    42 ||   188
       Plate armour      |       |       |    64 |   250 |   202 ||   516
Dodge: Dodged            |    48 |    27 |   134 |   331 |   243 ||   783
       Deflected         |       |       |       |    14 |    16 ||    30
Block: Shield            |    76 |    49 |     2 |       |    89 ||   216
       Other             |       |       |    39 |   147 |    89 ||   275
       Reflection        |       |       |     3 |       |       ||     3
       Rpst.: Scimitar   |       |       |       |       |    14 ||    14

Table legend:
 A = Non-vault XP
 B = Vault XP
 C = Vault XP percentage of total XP
 D = Non-vault monster count
 E = Vault monster count
 F = Vault count percentage of total count
                 A         B        C        D         E       F
            +---------+---------+-------+---------+---------+-------
      Total |   61320 |   38622 |  38.6 |     434 |     135 |  23.7
            +---------+---------+-------+---------+---------+-------
        D:1 |      21 |       0 |   0.0 |      12 |       0 |   0.0
        D:2 |      54 |       0 |   0.0 |      15 |       0 |   0.0
        D:3 |     184 |     137 |  42.7 |      28 |      11 |  28.2
        D:4 |     549 |     354 |  39.2 |      15 |       2 |  11.8
        D:5 |     395 |     453 |  53.4 |      15 |       3 |  16.7
        D:6 |     397 |      72 |  15.4 |      17 |       1 |   5.6
        D:7 |    1501 |       0 |   0.0 |      45 |       0 |   0.0
        D:8 |     910 |       0 |   0.0 |      16 |       0 |   0.0
        D:9 |    1762 |       0 |   0.0 |      14 |       0 |   0.0
       D:10 |    1845 |       0 |   0.0 |      12 |       0 |   0.0
       D:11 |    8789 |     255 |   2.8 |      53 |       6 |  10.2
       D:12 |    1985 |   12889 |  86.7 |      18 |      38 |  67.9
       D:13 |    6205 |    9752 |  61.1 |      32 |      19 |  37.3
       D:14 |   12847 |       0 |   0.0 |      34 |       0 |   0.0
       D:15 |   18021 |       0 |   0.0 |      43 |       0 |   0.0
      Orc:1 |    2028 |    3690 |  64.5 |      27 |       9 |  25.0
      Orc:2 |    3827 |    1533 |  28.6 |      38 |      10 |  20.8
      IceCv |       0 |    9487 | 100.0 |       0 |      36 | 100.0
            +---------+---------+-------+---------+---------+-------
